 Dungeon Crawl Stone Soup version 0.23.1 (webtiles) character file.

Game seed: 5634898290132631227

4942 nikopol the Spear-Bearer (level 10, -2/88 HPs)
             Began as a Minotaur Berserker on Mar 2, 2019.
             Was an Elder of Trog.
             Slain by a wyvern (10 damage)
             ... on level 10 of the Dungeon.
             The game lasted 00:14:08 (8601 turns).

nikopol the Spear-Bearer (Minotaur Berserker)       Turns: 8601, Time: 00:14:08

Health: -2/88      AC:  8    Str: 26    XL:     10   Next: 28%
Magic:  9/9        EV: 13    Int:  4    God:    Trog [****..]
Gold:   743        SH:  0    Dex: 11    Spells: 9/9 levels left

rFire    . . .     SeeInvis .   a - +0 trident
rCold    . . .     Gourm    .   (no shield)
rNeg     . . .     Faith    .   C - +1 ring mail "Dac Fade" {Dex+2} (curse)
rPois    .         Spirit   .   (helmet restricted)
rElec    .         Reflect  .   K - scarf {repulsion}
rCorr    .         Harm     .   t - +0 pair of gloves
MR       .....                  (no boots)
Stlth    +.........             (no amulet)
HPRegen  0.24/turn              (no ring)
MPRegen  0.11/turn              (no ring)

@: berserk cooldown, slowed, repel missiles, very slow
A: retaliatory headbutt, horns 2
a: Berserk, Trog's Hand, Brothers in Arms, Renounce Religion


You were on level 10 of the Dungeon.
You worshipped Trog.
Trog was greatly pleased with you.
You were very hungry.

You visited 1 branch of the dungeon, and saw 10 of its levels.

You collected 743 gold pieces.

Inventory:

Hand Weapons
 a - a +0 trident (weapon)
 x - a +0 spear
 z - a +0 shortbow
Missiles
 g - 53 bolts
 A - 188 arrows
Armour
 b - a +0 animal skin
 h - a +0 ring mail
 t - a +0 pair of gloves (worn)
 C - the cursed +1 ring mail "Dac Fade" (worn) {Dex+2}
   (You found it on level 5 of the Dungeon)

   It affects your dexterity (+2).
   It has a curse placed upon it.
 K - a scarf of repulsion (worn)
Jewellery
 f - an uncursed ring of positive energy {unknown}
 m - a +4 ring of protection {unknown}
 o - an uncursed ring of stealth {unknown}
 J - an uncursed ring of ice {unknown}
 L - an uncursed ring of resist corrosion {unknown}
 Q - a cursed -2 ring of dexterity {unknown}
Wands
 B - a wand of disintegration (10)
 D - a wand of clouds (5)
 O - a wand of acid (8)
 P - a wand of flame (13)
Scrolls
 d - 4 scrolls of magic mapping {unknown}
 i - 3 scrolls of enchant armour {unknown}
 j - a scroll of fog {unknown}
 l - 6 scrolls of identify {unknown}
 q - 5 scrolls of immolation {unknown}
 r - 4 scrolls of teleportation {unknown}
 s - 2 scrolls of fear {unknown}
 v - 2 scrolls of remove curse {unknown}
 w - a scroll of random uselessness {unknown}
 y - 3 scrolls of blinking {unknown}
 H - a scroll of noise {unknown}
 M - a scroll of summoning {unknown}
 N - a scroll of amnesia {unknown}
 R - a scroll of enchant weapon {unknown}
Potions
 e - 2 potions of cancellation {unknown}
 k - 4 potions of might {unknown}
 n - a potion of haste {unknown}
 p - 9 potions of curing {unknown}
 u - 3 potions of degeneration {unknown}
 E - a potion of lignification {unknown}
 F - a potion of brilliance {unknown}
 I - a potion of magic {unknown}
Comestibles
 c - 16 rations


   Skills:
 + Level 7.7 Fighting
 * Level 11.8 Polearms
 * Level 8.1 Bows
 + Level 7.0 Armour
 + Level 4.4 Dodging
 + Level 2.0 Stealth


You had 9 spell levels left.
You didn't know any spells.
Your spell library was empty.

Dungeon Overview and Level Annotations

Branches:
Dungeon (10/15)            Temple (0/1) D:4
   Lair: D:8-11         Orc: D:9-12

Altars:
Okawaru
Qazlal
Ru
Vehumet
Wu Jian
Yredelemnul
The Shining One


Innate Abilities, Weirdness & Mutations

You reflexively headbutt those who attack you in melee.
You have a pair of horns on your head.


Message History

You reach to attack!
You barely miss the orc warrior.
The orc warrior is moderately wounded.
The orc warrior hits you from afar with a +0 halberd!
* * * LOW HITPOINT WARNING * * *
Attack whom?
Press: ? - help, Dir - move target cursor, f/p - orc warrior
Aim: an orc warrior, wielding a +0 halberd and wearing a +0 chain mail (moderately wounded)
You reach to attack!
You hit the orc warrior.
The orc warrior is moderately wounded.
You feel a strong urge to attack something.
You are no longer berserk.
You are exhausted.
You feel yourself slow down.
An adder comes into view.
The orc priest looks encouraged for a moment.
Found a quarterstaff.
A wyvern comes into view.
The wyvern hisses angrily.
The wyvern bites you!
You die...

#################
#..<.............
#.#######..#####
#. #####..#####
#.###..o)o.......
#.#.oo###(.######
######l#.#####(.#
.......@......((#
.S.).....######(o
######.### o(. #.
8'8# #. .oo. ##


You could see an orc warrior, a wyvern, an orc priest, an adder (sleeping) and
an orc.

Vanquished Creatures
  Prince Ribbit (D:6)
  A hippogriff (D:7)
  A human (D:7)
  A hungry ghost (D:8)
  4 hogs (D:7)
  2 water moccasins
  2 sky beasts
  A black bear (D:7)
  2 orc warriors
  3 ice beasts
  6 ogres
  2 centaurs
  3 big kobolds
  7 bullfrogs
  A gnoll sergeant (D:5)
  A water moccasin skeleton (D:5)
  2 howler monkeys
  2 bullfrog zombies
  6 crimson imps
  A quasit (D:6)
  4 orc wizards
  5 hounds
  A jelly (D:6)
  An orc priest (D:8)
  An iguana (D:7)
  8 worker ants
  A killer bee zombie (D:6)
  2 hound skeletons
  A worker ant zombie (D:6)
  8 gnolls
  3 howler monkey skeletons
  16 adders
  2 shadow imps
  An ooze (D:2)
  An adder zombie (D:6)
  An adder skeleton (D:4)
  6 worms
  A dart slug (D:5)
  6 leopard geckos
  20 orcs
  9 bats
  10 giant cockroaches
  4 goblins
  8 hobgoblins
  10 jackals
  A quokka (D:4)
  A ball python (D:2)
  5 frilled lizards
  A jackal skeleton (D:6)
  A jackal zombie (D:7)
  24 kobolds
  A quokka skeleton (D:7)
  4 rats
217 creatures vanquished.

Notes
Turn   | Place    | Note
-------+----------+-------------------------------------------
     0 | D:1      | nikopol the Minotaur Berserker began the quest for the Orb.
     0 | D:1      | Reached XP level 1. HP: 19/19 MP: 0/0
   194 | D:1      | Reached skill level 4 in Polearms
   194 | D:1      | Reached XP level 2. HP: 22/27 MP: 1/1
   673 | D:1      | Reached XP level 3. HP: 29/33 MP: 2/2
   765 | D:2      | Reached ** piety under Trog
   922 | D:2      | Found a faded altar of an unknown god.
  1200 | D:2      | Reached XP level 4. HP: 27/41 MP: 3/3
  1331 | D:2      | Reached skill level 5 in Polearms
  1746 | D:3      | Found a sacrificial altar of Ru.
  1845 | D:3      | Reached XP level 5. HP: 30/47 MP: 4/4
  2120 | D:3      | Found an ornate altar of the Wu Jian Council.
  2453 | D:4      | Reached *** piety under Trog
  2569 | D:4      | Found a staircase to the Ecumenical Temple.
  2590 | D:4      | Noticed an ogre
  2591 | D:4      | Reached skill level 5 in Fighting
  2592 | D:4      | Noticed an ogre
  2612 | D:4      | Killed an ogre
  2612 | D:4      | Reached skill level 6 in Polearms
  2612 | D:4      | Reached XP level 6. HP: 23/56 MP: 5/5
  3193 | D:4      | Found a basalt altar of Yredelemnul.
  3358 | D:5      | Entered Level 5 of the Dungeon
  3367 | D:5      | Reached XP level 7. HP: 61/61 MP: 6/6
  3454 | D:5      | Reached skill level 7 in Polearms
  3454 | D:5      | Reached skill level 5 in Armour
  3454 | D:5      | Reached skill level 1 in Stealth
  3657 | D:5      | Reached skill level 8 in Polearms
  3996 | D:5      | Reached skill level 1 in Bows
  4052 | D:5      | Reached XP level 8. HP: 63/70 MP: 7/7
  4075 | D:5      | Got a bronze ring mail
  4086 | D:5      | Identified the cursed +1 ring mail "Dac Fade" {Dex+2} (You
                  | found it on level 5 of the Dungeon)
  4312 | D:5      | Received a gift from Trog
  4572 | D:5      | Reached skill level 9 in Polearms
  4909 | D:6      | Noticed Prince Ribbit
  5361 | D:6      | Reached skill level 5 in Bows
  5427 | D:6      | Reached **** piety under Trog
  5514 | D:6      | Reached XP level 9. HP: 77/77 MP: 8/8
  5657 | D:6      | Killed Prince Ribbit
  5872 | D:6      | Found a stormy altar of Qazlal.
  5881 | D:6      | Found an iron altar of Okawaru.
  6037 | D:7      | Reached skill level 10 in Polearms
  6248 | D:7      | Received a gift from Trog
  6478 | D:7      | Reached skill level 11 in Polearms
  6980 | D:8      | Found a radiant altar of Vehumet.
  7081 | D:8      | Received a gift from Trog
  7088 | D:8      | Reached XP level 10. HP: 86/86 MP: 9/9
  8039 | D:9      | Received a gift from Trog
  8112 | D:9      | Found a glowing golden altar of the Shining One.
  8248 | D:9      | Received a gift from Trog
  8532 | D:10     | Entered Level 10 of the Dungeon
  8601 | D:10     | Slain by a wyvern

Skill      XL: |  1  2  3  4  5  6  7  8  9 10 |
---------------+-------------------------------+-----
Polearms       | 4 5 6 8 9 11 | 11.8
Fighting       | 4 5 6 7 |  7.7
Armour         | 3 4 5 6 7 |  7.0
Dodging        | 3 4 |  4.4
Stealth        | 1 2 |  2.0
Bows           | 1 5 7 8 |  8.1

Action                   |  1- 3 |  4- 6 |  7- 9 | 10-12 || total
-------------------------+-------+-------+-------+-------++-------
Melee: Spear             |   112 |   148 |    64 |       ||   324
       Headbutt          |    15 |    25 |    51 |    16 ||   107
       Trident           |       |       |   214 |    99 ||   313
 Fire: Shortbow          |       |       |   111 |    48 ||   159
Invok: Berserk           |       |     1 |     2 |     1 ||     4
  Eat: Chunk             |     1 |     5 |    11 |     4 ||    21
       Ration            |       |     1 |     2 |       ||     3
Armor: Animal skin       |    18 |       |       |       ||    18
       Ring mail         |     3 |    21 |    89 |    12 ||   125
Dodge: Dodged            |    40 |    41 |   114 |    34 ||   229
       Deflected         |       |       |       |     4 ||     4
